 Dungeon Sprint DCSS version 0.13.0-29-gdb529de (webtiles) character file.

31 Lilouch the Skirmisher (level 2, -1/20 HPs)
             Began as a Gargoyle Fighter on Nov 13, 2013.
             Was an Initiate of Okawaru.
             Hit by an orcish club thrown by an orc warrior (12 damage)
             ... in the Dungeon (Sprint IX: "|||||||||||||||||||||||||||||").
             The game lasted 00:01:49 (213 turns).

Lilouch the Skirmisher (Gargoyle Fighter)            Turns: 213, Time: 00:01:49

HP  -1/20        AC 16     Str 19      XL: 2   Next: 29%
MP   1/1         EV  4     Int 11      God: Okawaru [......]
Gold 20          SH 18     Dex  9      Spells:  0 memorised,  1 level left

Res.Fire  : . . .   See Invis. : .   a - +0 mace
Res.Cold  : . . .   Warding    : .   q - +1 elf chain mail
Life Prot.: + . .   Conserve   : .   c - +0 shield
Res.Poison: +       Res.Corr.  : .   (no helmet)
Res.Elec. : +       Clarity    : .   (no cloak)
Sust.Abil.: . .     Spirit.Shd : .   p - +0 pair of orc gloves
Res.Mut.  : .       Prev.Telep.: +   (no boots)
Res.Rott. : +       Flight     : .   (no amulet)
Saprovore : . . .                    s - +2 ring of protection
                                     r - +3 ring of intelligence

@: not resistant to hostile enchantments, extremely unstealthy
A: fangs 1, talons 2, life protection 1, electricity resistance, slow metabolism
1, unbreathing, petrification resistance, AC +2
a: Renounce Religion


You were in the Dungeon.
You worshipped Okawaru.
Okawaru was noncommittal.
You were not hungry.

You visited 1 branch

Inventory:

Hand weapons
 a - a +0,+0 mace (weapon)
 o - a +2,+2 dire flail of protection
Armour
 b - a +0 scale mail
 c - a +0 shield (worn)
 p - a +0 pair of orcish gloves (worn)
 q - a +1 elven chain mail (worn)
Magical devices
 n - a wand of fire (7)
Comestibles
 d - a bread ration
Scrolls
 j - 2 scrolls of blinking
 l - 3 scrolls of remove curse
 m - 2 scrolls of amnesia
Jewellery
 r - a +3 ring of intelligence (left hand)
 s - a +2 ring of protection (right hand)
Potions
 e - 5 potions of curing
 f - 3 potions of heal wounds
 g - a potion of speed
 h - 4 potions of magic
 i - a potion of berserk rage
 k - a potion of invisibility


   Skills:
 + Level 5.8 Fighting
 - Level 2.1 Maces & Flails
 - Level 3.2 Armour
 + Level 0.2 Dodging
 - Level 3.2 Shields


You had one spell level left.
You didn't know any spells.

Dungeon Overview and Level Annotations

Branches:
Dungeon (1/1)

Altars:
Ashenzari
Cheibriados
Elyvilon
Fedhas
Kikubaaqudgha
Makhleb
Nemelex Xobeh
Okawaru
Sif Muna
Trog
Vehumet
Xom
Yredelemnul
Zin
the Shining One


Innate Abilities, Weirdness & Mutations

You are resistant to torment.
You are immune to poison.
Your stone body is very resilient (AC +2).
You have very sharp teeth.
You have razor-sharp toenails.
You resist negative energy.
You are resistant to electric shocks.
You have a slow metabolism.
You can survive without breathing.
You are immune to petrification.


Message History

There is a shimmering altar of Xom here.
There is a sparkling altar of Nemelex Xobeh here.
There is a bloodstained altar of Trog here.
There is a deep blue altar of Sif Muna here.
There is a shattered altar of Ashenzari here.
There is a radiant altar of Vehumet here.
There is a white marble altar of Elyvilon here.
There is an open door to the Temple here.
There is an open door here.
Things that are here:
a club; a short sword; 3 darts; a short sword The orc warrior picks up a club.
There is an open door to the Dungeon here.
You see here an orcish club.
The orc warrior throws a club.
The club hits you!
You see here a club.
The orc warrior picks up an orcish club.
The orc warrior throws an orcish club.
The orcish club hits you!
Ouch! That really hurt!
You die...

#O#
#o#
#)#
#.#
#.#
#.#
#.#
#.#
#@#
#.#
#<#
###


You could see a two-headed ogre and an orc warrior.

Vanquished Creatures
  A giant cockroach (D)
  3 hobgoblins (D)
  2 kobolds (D)
  A giant newt (D)
  2 hobgoblin zombies (D)
  2 rats (D)
11 creatures vanquished.

Notes
Turn   | Place    | Note
--------------------------------------------------------------
     0 | D        | Lilouch, the Gargoyle Fighter, began the quest for the Orb.
     0 | D        | Reached XP level 1. HP: 14/14 MP: 0/0
    11 | D        | Reached skill level 4 in Fighting
    18 | D        | Reached skill level 5 in Fighting
    26 | D        | Reached XP level 2. HP: 20/20 MP: 1/1
    41 | D        | Found a shimmering altar of Xom.
    41 | D        | Found a sparkling altar of Nemelex Xobeh.
    41 | D        | Found a bloodstained altar of Trog.
    41 | D        | Found a deep blue altar of Sif Muna.
    41 | D        | Found a shattered altar of Ashenzari.
    41 | D        | Found a radiant altar of Vehumet.
    41 | D        | Found a white marble altar of Elyvilon.
    42 | D        | Found a snail-covered altar of Cheibriados.
    43 | D        | Found a radiant altar of Vehumet.
    44 | D        | Found a glowing silver altar of Zin.
    45 | D        | Found a basalt altar of Yredelemnul.
    46 | D        | Found a glowing golden altar of the Shining One.
    47 | D        | Found a white marble altar of Elyvilon.
    48 | D        | Found a burning altar of Makhleb.
    49 | D        | Found an ancient bone altar of Kikubaaqudgha.
    50 | D        | Found a blossoming altar of Fedhas.
    51 | D        | Found an iron altar of Okawaru.
    60 | D        | Became a worshipper of Warmaster Okawaru
   163 | D        | Noticed a two-headed ogre
   163 | D        | Noticed an orc warrior
   213 | D        | Hit by an orcish club thrown by an orc warrior

Action                   || total
-------------------------++-------
Melee: Mace              ||    21
